 Dungeon Crawl Stone Soup version 0.28-b1-25-g9875b3fc8c (webtiles) character file.

Game seed: 3491287890877709085

123 dorian the Scratcher (level 4, -1/19 HPs)
             Began as a Felid Transmuter on Feb 5, 2022.
             Killed from afar by an orc wizard (7 damage)
             ... with a puff of flame
             ... on level 4 of the Dungeon.
             The game lasted 00:09:46 (5206 turns).

dorian the Scratcher (Felid Transmuter)             Turns: 5206, Time: 00:09:46

Health: -1/19      AC:  1    Str:  6    XL:     4   Next: 79%
Magic:  7/8        EV: 17    Int: 16    God:
Gold:   87         SH:  0    Dex: 17    Spells: 4/7 levels left
                                        Lives:  0   Deaths: 1

rFire   . . .      SeeInvis +     - Unarmed
rCold   + . .      Faith    .   (shield unavailable)
rNeg    . . .      Spirit   .   (armour unavailable)
rPois   .          Reflect  .   (helmet unavailable)
rElec   .          Harm     .   (cloak unavailable)
rCorr   .          Rampage  .   (gloves unavailable)
Will    .....                   (boots unavailable)
Stlth   ++........              (no amulet)
HPRegen 0.06/turn               d - ring of protection from cold
MPRegen 0.11/turn               i - +4 ring of slaying

@: appendages, quick
A: horns 2, very small, claws 1, fangs 3, see invisible, speed 1, shaggy fur 1,
stealthy paws, no weapons or thrown items, no armour, multi-lived
a: End Transformation


You were on level 4 of the Dungeon.
You had temporarily grown beastly horns.
You visited 1 branch of the dungeon, and saw 4 of its levels.

You collected 87 gold pieces.

Inventory:

Jewellery
 d - a ring of protection from cold (left paw)
 i - a +4 ring of slaying (right paw)
Potions
 f - a potion of curing


   Skills:
 - Level 1.0 Fighting
 - Level 2.6 Dodging
 + Level 6.6 Unarmed Combat
 - Level 2.0 Spellcasting
 - Level 2.1 Transmutations


You had 4 spell levels left.
You knew the following spells:

 Your Spells              Type           Power      Damage    Failure   Level
a - Beastly Appendage     Tmut           16%        N/A       9%          1
b - Wereblood             Tmut           8%         N/A       13%         2

Your spell library contained the following spells:

 Spells                   Type           Power      Damage    Failure   Level
 Spider Form              Tmut/Pois      5%         N/A       36%         3
 Ice Form                 Ice/Tmut       5%         N/A       78%         4
 Leda's Liquefaction      Hex/Erth       0%         N/A       90%         4
 Lee's Rapid Deconstruct  Erth           0%         3d5*      99%         5
 Statue Form              Tmut/Erth      3%         N/A       100%        6


Dungeon Overview and Level Annotations

Branches:
Dungeon (4/15)
 Temple: D:4-7

Altars:

Shops:
D:3 *

Annotations:
D:3 Ijyb
D:4 Blork the orc, Menkaure


Innate Abilities, Weirdness & Mutations

You have temporarily grown beastly horns.
You have sharp claws.
You have razor-sharp teeth.
You have supernaturally acute eyesight. (SInv)
You cover ground quickly. (Speed+)
You are covered in fur. (AC +1)
Your paws help you pounce on unaware monsters.
You are incapable of wielding weapons or throwing items.
You cannot wear armour.
You gain extra lives every three experience levels.


Message History

The orc shouts!
You hear a shout! x2
Casting: Beastly Appendage (safe; 9% risk of failure)
Confirm with . or Enter, or press ? or * to list all spells.
You miscast Beastly Appendage.
You are very lightly contaminated with residual magic.
Nothing appears to happen.
Casting: Beastly Appendage (safe; 9% risk of failure)
Confirm with . or Enter, or press ? or * to list all spells.
You grow a pair of large bovine horns.
Your transformation is almost over.
You barely miss the orc. Your bite misses the orc.
The orc hits you but does no damage.
You scratch the orc.
The orc is moderately wounded.
You scratch the orc. You headbutt the orc.
The orc is almost dead.
The orc barely misses you.
You completely miss the orc.
The orc is almost dead.
The orc misses you.
Your magical contamination has completely faded away.
You scratch the orc but do no damage. You headbutt the orc.
You kill the orc!
Things that are here:
a +0 short sword; an orc corpse Your horns disappear.
The orc wizard shouts!
The orc wizard drinks a potion.
The orc wizard suddenly seems more resistant.
Casting: Beastly Appendage (safe; 9% risk of failure)
Confirm with . or Enter, or press ? or * to list all spells.
You grow a pair of large bovine horns.
The orc priest shouts!
You hear an angry hiss.
A ball python comes into view.
The orc wizard points at you and mumbles some strange words.
The magic dart hits you.
* * * LOW HITPOINT WARNING * * *
The orc wizard casts a spell at you. The puff of flame hits you!
You die...

.###+####....## ... #...#
.#............# .... #...#
##............+ ..... #...#
#............#########...##)..#
#............##.....##........#
#####'###....##.....##...##.(.#
#.......###+###.....#######...#
#.......#.....'......oo.......#
#.......#....##<@...##........#
#.......#.....#######.........#
#.......####..# #o#####...#
########......# #S #'###
#......# #. #.. #<.....# #.
#... #......# #. ...# #......#
#......#


You could see an orc priest and an orc wizard (resistant).

Vanquished Creatures
  2 hounds
  Crazy Yiuf (D:3)
  Jessica (D:2)
  An orc wizard (D:3)
  2 adders
  7 orcs
  5 endoplasms
  3 giant cockroaches
  6 goblins
  5 hobgoblins
  7 jackals (D:1)
  4 kobolds
  3 quokkas (D:1)
  9 ball pythons
  3 bats
  4 frilled lizards
  10 rats
73 creatures vanquished.

Notes
Turn   | Place    | Note
-------+----------+-------------------------------------------
     0 | D:1      | dorian the Felid Transmuter began the quest for the Orb.
     0 | D:1      | Reached XP level 1. HP: 9/9 MP: 4/4
   150 | D:1      | Reached XP level 2. HP: 12/12 MP: 4/6
   562 | D:1      | Reached skill level 4 in Unarmed Combat
   840 | D:1      | Reached XP level 3. HP: 12/15 MP: 5/7
  1500 | D:1      | Learned a level 2 spell: Wereblood
  1592 | D:2      | Reached XP level 4. HP: 10/19 MP: 6/8
  1781 | D:2      | Reached skill level 5 in Unarmed Combat
  1881 | D:2      | You fall into a shaft and drop 1 floor!
  2084 | D:2      | Noticed Jessica
  2096 | D:2      | Killed Jessica
  2782 | D:3      | Noticed Ijyb
  2906 | D:3      | Found a faded altar of an unknown god.
  3122 | D:3      | Reached XP level 5. HP: 10/22 MP: 5/9
  3122 | D:3      | HP: 1/22 [orc (9)]
  3687 | D:4      | Reached skill level 6 in Unarmed Combat
  4014 | D:3      | Found Ipit Lyw's Assorted Antiques.
  4079 | D:3      | Found a runed translucent door.
  4080 | D:3      | Noticed Crazy Yiuf
  4525 | D:3      | Killed Crazy Yiuf
  5089 | D:4      | Noticed Blork the orc
  5112 | D:4      | HP: 1/22 [Blork the orc/magic dart (7)]
  5115 | D:4      | Killed from afar by Blork the orc
  5116 | D:4      | Reached XP level 4. HP: -1/19 MP: 8/8
  5136 | D:4      | Noticed Menkaure
  5206 | D:4      | Killed from afar by an orc wizard

Illustrated notes

Levels and vault maps discovered:
D:1:      lemuel_arrival_tunnels, layout_basic
D:2:      layout_basic, uniq_jessica
D:3:      layout_loops_corners, hellmonk_ecumenical_altar_arch_garden,
          serial_shops, shop_statue, uniq_ijyb, uniq_crazy_yiuf_cottage
D:4:      layout_gridville, minmay_temple_entry_offerings, uniq_pikel,
          uniq_blork_the_orc, uniq_duvessa, uniq_menkaure

Skill      XL: |  1  2  3  4  5 |
---------------+----------------+-----
Unarmed Combat | 4 5 6 |  6.6
Fighting       | |  1.0
Dodging        | |  2.6
Spellcasting   | |  2.0
Transmutations | |  2.1

Action                   |  1- 3 |  4- 6 || total
-------------------------+-------+-------++-------
Melee: Unarmed           |    85 |   109 ||   194
       Headbutt          |    16 |    20 ||    36
       Bite              |     9 |     8 ||    17
       Punch             |     1 |     2 ||     3
 Cast: Beastly Appendage |    23 |    37 ||    60
       Wereblood         |       |     2 ||     2
  Use: Scroll            |       |     5 ||     5
       Potion            |       |     2 ||     2
Armor: Skin              |     1 |     4 ||     5
Dodge: Dodged            |    53 |    67 ||   120
